 Dungeon Crawl Stone Soup version 0.25-a0-110-ge29c8f2358 (console) character file.

Game seed: 18315501190122172596, levelgen mode: deterministic

435 Kagalorn the Slasher (level 7, 0/44 HPs)
             Began as a Halfling Warper on Nov 20, 2019.
             Was a Believer of Cheibriados.
             Slain by an orc warrior
             ... wielding a +0 trident
              (18 damage)
             ... on level 6 of the Dungeon.
             The game lasted 00:13:11 (4892 turns).

Kagalorn the Slasher (Halfling Warper)              Turns: 4892, Time: 00:13:11

Health: 0/44       AC:  5    Str: 17    XL:     7   Next: 21%
Magic:  8/9        EV: 15    Int: 18    God:    Cheibriados [**....]
Gold:   255        SH:  0    Dex: 19    Spells: 5/9 levels left

rFire    . . .     SeeInvis .   a - +0 falchion
rCold    . . .     Gourm    .   (shield restricted)
rNeg     . . .     Faith    .   b - +0 leather armour
rPois    .         Spirit   .   (no helmet)
rElec    .         Reflect  .   q - +0 cloak
rCorr    .         Harm     .   (no gloves)
MR       .....                  k - +0 pair of boots
Stlth    +.........             (no amulet)
HPRegen  0.14/turn              (no ring)
MPRegen  0.11/turn              (no ring)

@: very slow
A: small, mutation resistance 1
a: Bend Time, Renounce Religion


You were on level 6 of the Dungeon.
You worshipped Cheibriados.
Cheibriados was pleased with you.
You were very hungry.

You visited 1 branch of the dungeon, and saw 6 of its levels.

You collected 255 gold pieces.

Inventory:

Hand Weapons
 a - a +0 falchion (weapon)
 n - a +0 hunting sling
Missiles
 c - 86 stones
 e - 5 boomerangs of dispersal
 r - 74 sling bullets
 v - 5 poisoned darts (quivered)
Armour
 b - a +0 leather armour (worn)
 k - a +0 pair of boots (worn)
 q - a +0 cloak (worn)
 u - a +0 plate armour
Jewellery
 p - an uncursed amulet of the acrobat {unknown}
Scrolls
 d - 2 scrolls of blinking
 g - a scroll of fog {unknown}
 h - 5 scrolls of identify
 m - 4 scrolls of remove curse
 o - 2 scrolls of magic mapping
 s - a scroll of amnesia {unknown}
 t - a scroll of noise {unknown}
 w - a scroll of fear {unknown}
 y - a scroll of teleportation
Potions
 i - 4 potions of curing
 j - a potion of heal wounds {unknown}
 l - 2 potions of mutation {unknown}
 x - a potion of degeneration {unknown}
 z - a potion of resistance {unknown}
 B - a potion of berserk rage {unknown}
Comestibles
 f - 6 rations


   Skills:
 - Level 1.7 Fighting
 + Level 5.7 Long Blades
 - Level 1.0 Throwing
 - Level 1.1 Armour
 - Level 2.1 Dodging
 - Level 1.5 Spellcasting
 * Level 2.8 Charms
 * Level 4.9 Translocations


You had 5 spell levels left.
You knew the following spells:

 Your Spells              Type           Power        Failure   Level  Hunger
a - Blink                 Tloc           N/A          4%          2    ###....
b - Shroud of Golubria    Chrm/Tloc      ###...       7%          2    ###....

Your spell library contained the following spells:

 Spells                   Type           Power        Failure   Level  Hunger
 Apportation              Tloc           ###...       3%          1    ##.....
 Gell's Gravitas          Tloc           ###.......   9%          3    ####...
 Lesser Beckoning         Tloc           ###.......   9%          3    ####...
 Teleport Other           Tloc           ###.....     9%          3    ####...
 Animate Skeleton         Necr           N/A          22%         1    ##.....
 Confusing Touch          Hex            #.....       22%         1    ##.....
 Corona                   Hex            #......      22%         1    ##.....
 Summon Small Mammal      Summ           #...         22%         1    ##.....
 Passage of Golubria      Tloc           N/A          28%         4    #####..
 Ensorcelled Hibernation  Hex/Ice        #.....       34%         2    ###....
 Confuse                  Hex            #.......     56%         3    ####...
 Dazzling Spray           Conj/Hex       #.....       56%         3    ####...
 Tukima's Dance           Hex            #.......     56%         3    ####...


Dungeon Overview and Level Annotations

Branches:
Dungeon (6/15)
 Temple: D:4-7

Altars:
Cheibriados
Elyvilon
Makhleb
Ru
Wu Jian

Shops:
D:4 (


Innate Abilities, Weirdness & Mutations

You are small and have problems with some larger weapons.
You are somewhat resistant to further mutation.


Message History

You closely miss the orc warrior.
The orc warrior is lightly wounded.
The orc closely misses you. The orc warrior barely misses you.
You riposte.
You hit the orc warrior but do no damage.
The orc warrior is lightly wounded.
You hit the orc warrior but do no damage.
The orc warrior is lightly wounded.
The orc closely misses you.
The orc warrior hits you with a +0 trident!
The orc barely misses you.
You closely miss the orc warrior.
The orc warrior is lightly wounded.
The orc misses you.
You riposte.
You closely miss the orc. The orc warrior misses you.
You riposte.
You hit the orc warrior.
The orc warrior is moderately wounded.
You closely miss the orc warrior.
The orc warrior is moderately wounded.
The orc barely misses you. The orc misses you.
The orc warrior hits you with a +0 trident!!
You die...

.......... .........
.... ......... ....
......... .o...
........########.....
........#.......>...#
........#.....oo....#
........#......o....#
+######@#...o.......#
......oooo######.....
..........# ...
..........# .
..........#
..........#
......##### ......
.....


You could see an orc warrior and 3 orcs.

Vanquished Creatures
  A necrophage (D:4)
  An orc priest (D:4)
  3 orc wizards
  2 worker ants
  2 hound skeletons (D:4)
  3 gnolls
  An adder (D:4)
  An ooze (D:2)
  An adder skeleton (D:4)
  2 worms (D:3)
  2 leopard geckos
  21 orcs
  9 bats
  8 giant cockroaches
  3 goblins
  8 hobgoblins
  8 jackals
  9 kobolds
  A ball python (D:1)
  2 frilled lizards
  A jackal skeleton (D:4)
  11 rats
100 creatures vanquished.

Notes
Turn   | Place    | Note
-------+----------+-------------------------------------------
     0 | D:1      | Kagalorn the Halfling Warper began the quest for the Orb.
     0 | D:1      | Reached XP level 1. HP: 14/14 MP: 3/3
   171 | D:1      | Reached XP level 2. HP: 17/19 MP: 4/4
   191 | D:1      | Learned a level 2 spell: Blink
   194 | D:1      | Learned a level 2 spell: Shroud of Golubria
   442 | D:1      | Reached skill level 3 in Long Blades
   554 | D:1      | Reached XP level 3. HP: 17/24 MP: 3/5
   971 | D:2      | Reached XP level 4. HP: 29/29 MP: 6/6
  1000 | D:2      | Found a sacrificial altar of Ru.
  1069 | D:2      | Reached skill level 1 in Charms
  1414 | D:2      | Found a snail-covered altar of Cheibriados.
  1429 | D:2      | Became a worshipper of Cheibriados the Contemplative
  1705 | D:2      | Found a white marble altar of Elyvilon.
  2289 | D:3      | Reached * piety under Cheibriados
  2289 | D:3      | Reached skill level 4 in Long Blades
  2340 | D:3      | Reached XP level 5. HP: 34/34 MP: 7/7
  2751 | D:4      | Found Bomacuod's Antique Weapon Emporium.
  3381 | D:4      | Reached XP level 6. HP: 22/39 MP: 6/8
  3784 | D:4      | Noticed a necrophage
  3825 | D:4      | Reached ** piety under Cheibriados
  3860 | D:4      | Reached skill level 5 in Long Blades
  3979 | D:4      | Killed a necrophage
  4020 | D:4      | Reached XP level 7. HP: 8/44 MP: 5/9
  4491 | D:5      | Entered Level 5 of the Dungeon
  4537 | D:5      | Found an ornate altar of the Wu Jian Council.
  4544 | D:5      | Found a burning altar of Makhleb.
  4892 | D:6      | Slain by an orc warrior

Levels and vault maps discovered:
D:1:      psy_arrival_spokes, layout_basic, minmay_misc_feat_tiny
D:2:      layout_basic, nicolae_ru_the_path_less_chosen,
          nicolae_overflow_crystal_walls, serial_forest,
          infiniplex_forest_clump_small, infiniplex_forest_lined_corner,
          infiniplex_forest_end_2, infiniplex_forest_straight_4,
          infiniplex_forest_zigzag_1, infiniplex_forest_end_2,
          infiniplex_forest_clump_tiny, infiniplex_forest_corner_1,
          elyvilon_altar_1
D:3:      layout_loops_ring
D:4:      layout_loops_corners, serial_shops, shop_statue
D:5:      layout_basic, ashenzari_conservatory_becter, lemuel_crystal_altar,
          kennysheep_little_box, gammafunk_temple_overflow_wave, first_ration,
          uniq_grinder
D:6:      layout_gridville, kennysheep_mini_moat

Skill      XL: |  1  2  3  4  5  6 |
---------------+-------------------+-----
Long Blades    | 3 4 5 |  5.7
Charms         | 1 2 |  2.8
Translocations | 4 |  4.9
Fighting       | |  1.7
Throwing       | |  1.0
Armour         | |  1.1
Dodging        | |  2.1
Spellcasting   | |  1.5

Action                   |  1- 3 |  4- 6 |  7- 9 || total
-------------------------+-------+-------+-------++-------
Melee: Falchion          |   104 |   237 |    40 ||   381
 Cast: Shroud of Golubri |     4 |    19 |     5 ||    28
       Blink             |     1 |     2 |     1 ||     4
  Use: Scroll            |       |     3 |       ||     3
       Potion            |       |     1 |       ||     1
  Eat: Chunk             |     1 |     2 |     1 ||     4
       Ration            |       |     2 |       ||     2
Armor: Leather armour    |    31 |    47 |     7 ||    85
Dodge: Dodged            |    88 |   147 |    44 ||   279
       Rpst.: Falchion   |    25 |    51 |    15 ||    91

Table legend:
 A = Non-vault XP
 B = Vault XP
 C = Vault XP percentage of total XP
 D = Non-vault monster count
 E = Vault monster count
 F = Vault count percentage of total count
                 A         B        C        D         E       F
            +---------+---------+-------+---------+---------+-------
      Total |     622 |       0 |   0.0 |     100 |       0 |   0.0
            +---------+---------+-------+---------+---------+-------
        D:1 |      51 |       0 |   0.0 |      25 |       0 |   0.0
        D:2 |      59 |       0 |   0.0 |      18 |       0 |   0.0
        D:3 |      96 |       0 |   0.0 |      26 |       0 |   0.0
        D:4 |     331 |       0 |   0.0 |      27 |       0 |   0.0
        D:5 |      85 |       0 |   0.0 |       4 |       0 |   0.0
            +---------+---------+-------+---------+---------+-------
